Sylvana, chaotic female sylph Wizard ----- --...-- |..{...############### |.....| # |...... ### |.....| # --...-- ##@ --.-- ' #### # . ###### .| -|------ | |......| |......| |......| --------- #.......| |...*^..-####-------- |}_...<.| --------- Sylvana the Conjurer Experience level: 5 Strength: 12 Dexterity: 11 Constitution: 11 Intelligence: 18 Wisdom: 15 Charisma: 9 Health: 0(37) Energy: 60(60) Def: 1 Gold: 1204 Moves: 3334 Dungeon seed: OhlnX_7RYdqqDyoa Game ID: Sylvana_1543431988 Your Inventory: Coins $ - 1204 gold pieces Weapons a - a blessed +1 quarterstaff (weapon in hands) h - a blessed +0 long sword A - an uncursed +0 crossbow B - 10 blessed +2 crossbow bolts J - an uncursed +0 sling Armor e - an uncursed +0 cloak of magic resistance (being worn) Comestibles p - an uncursed sprig of wolfsbane C - an uncursed tin of hobgoblin meat Scrolls l - an uncursed scroll of blank paper m - an uncursed scroll of scare monster s - an uncursed scroll of magic mapping y - an uncursed scroll of gold detection D - an uncursed scroll of identify E - an uncursed scroll of create monster Spellbooks b - a blessed spellbook of force bolt c - an uncursed spellbook of knock Potions f - a blessed potion of gain energy g - a blessed potion of healing F - an uncursed potion of monster detection Rings z - an uncursed ring of searching Wands d - an uncursed wand of nothing (0:6) i - an uncursed wand of cold (0:4) t - an uncursed wand of enlightenment (0:14) I - an uncursed wand of digging (0:7) Tools q - an uncursed oil lamp (0:1339) Spells and supernatural/magical abilities: Name Level Category Fail Memory a - force bolt 1 attack 0% 84% k - knock 1 matter 0% 84% W - pray for help -- divine ? -- Your skills at the end: Miscellaneous Skills wands [Basic] Weapon Skills quarterstaff [Basic] Spellcasting Skills attack spells [Basic] enchantment spells [Basic] Final Attributes: You were devoutly aligned. You were magic-protected. You saw invisible. You had infravision. You were very stealthy. You were held by a rope golem. You were protected from shape changers. You are dead. Vanquished creatures: a yellow light a rock piercer a fog cloud a shrieker a gnome lord a gnomish wizard a puppy 2 floating eyes a homunculus an iguana 3 rothes a jitterbug a hobbit a large kobold 4 geckos 2 giant rats 2 brown molds a yellow mold 10 jackals a fox a kobold 6 newts a goblin a sewer rat 4 grid bugs 2 lichens 52 creatures vanquished. Voluntary challenges: You had followed a strict vegan diet until turn 2960. You had followed a strict vegetarian diet until turn 2960. You did not adorn yourself with jewelry or accessories. You did not cause conflict. You were not invisible. You did not have reflection. You were not displaced. You used a wielded weapon 53 times, starting on turn 25. You did not use tools. You did not use plumbed fixtures. You did not drink any magical draughts. You were illiterate. You never genocided any monsters. You never polymorphed an object. You never changed form. You used no wishes. You never split a pudding. You never wrote Elbereth's name. You violated your moral code, losing 2 points of alignment, starting on turn 2960. Dungeon overview: The Dungeons of Doom: levels 1 to 8 Level 1 an altar to Thoth a long staircase Level 2 a long staircase Level 3 some fountains Level 4 a fountain Level 5 Level 6 Level 7 Level 8 <- You were here an altar to Thoth, a fountain History has recorded: On T:1 you entered the Dungeons of Doom to retrieve the Amulet of Yendor! On T:652 you reached level 2 of The Dungeons of Doom. On T:779 you advanced to experience level 2. On T:979 you reached level 3 of The Dungeons of Doom. On T:1349 you reached level 4 of The Dungeons of Doom. On T:1372 you advanced to experience level 3. On T:1550 you prayed to Anhur. On T:1768 you reached level 5 of The Dungeons of Doom. On T:1919 you advanced to experience level 4. On T:2315 you reached level 6 of The Dungeons of Doom. On T:2726 you reached level 7 of The Dungeons of Doom. On T:2727 you advanced to experience level 5. On T:3242 you reached level 8 of The Dungeons of Doom. Score breakdown: Gold: 1204 ( 120 points) Experience: 5 levels ( 400 points) Exploration: 8 levels ( 210 points) Discoveries: 12 items ( 600 points) Variety of kills: 26 monsters ( 1300 points) Major goal: (nothing yet) ( 0 points) Survival: died (score multiplied by 3) Total score: 7890 Latest messages: You kill the yellow light! The door opens. The homunculus bites! The spell hits the homunculus! You kill the homunculus! I - a curved wand. You see here a sling. J - a sling. You kill the grid bug! The rope golem claws you! (2x) The rope golem grabs you! You cannot escape from the rope golem! The rope golem claws you! (2x) You are being choked. You cannot escape from the rope golem! (2x) The rope golem claws you! (2x) You are being choked. You cannot escape from the rope golem! The rope golem claws you! (2x) You die... Final status: Goodbye Sylvana the Wizard, killed by a rope golem... You died in The Dungeons of Doom on dungeon level 8 with 7890 points, and 1204 pieces of gold, after 3334 moves. You were level 5 with a maximum of 37 hit points when you died.